Map: Gresvan LE

Players

창주니

  • Race: Terran Terran
  • League: Bronze
  • Spawn Location: 5:00

winzboy - Winner!

  • Race: Terran Terran
  • League: Gold
  • Spawn Location: 11:00

VOD

Have the link to the VOD?

Description

Time

  • Played on: May 30, 2023, 12:37 a.m.
  • Length: 19:03
Show
View Real Time Build Order
Export as new Build Order

창주니 Terran 

Build Orders:  

Get SALT Encoding   

  12  0:01  SCV  
  13  0:14  Supply Depot  
  13  0:18  SCV  
  14  0:30  SCV  
  15  0:36  Barracks  
  15  0:42  SCV  
  16  0:51  Barracks  
  16  0:56  SCV  
  17  1:02  Refinery  
  17  1:08  SCV  
  18  1:11  Refinery  
  18  1:20  SCV  
  18  1:23  Marine  
  20  1:32  SCV  
  21  1:34  Supply Depot  
  21  1:41  Marine  
  21  1:45  Marine  
  23  1:58  Factory  
  23  2:00  SCV  
  24  2:03  Marine  
  24  2:05  Marine  
  20  2:15  Orbital Command  
  26  2:31  Supply Depot  
  26  2:35  Marine  
  27  2:43  Starport, Factory Tech Lab  
  27  2:46  SCV  
  28  2:55  Barracks Reactor  
  28  3:03  Engineering Bay  
  28  3:08  Siege Tank  
  31  3:16  Marine  
  32  3:20  Medivac  
  34  3:28  Supply Depot  
  34  3:35  Barracks Reactor  
  34  3:47  SCV  
  35  4:01  Command Center  
  35  4:08  Marine x2  
  37  4:11  Marine x2  
  37  4:14  Terran Infantry Armor Level 1  
  37  4:16  Starport Reactor  
  39  4:24  Supply Depot  
  39  4:33  Siege Tank  
  42  4:41  Marine x3  
  42  4:42  Marine  
  46  4:47  Supply Depot  
  46  4:59  Medivac x2  
  50  5:10  Missile Turret, Supply Depot  
  50  5:18  SCV  
  51  5:22  Orbital Command  
  51  5:38  Missile Turret  
  51  5:40  Supply Depot  
  51  5:41  Cyclone  
  54  5:44  SCV  
  54  5:47  SCV  
  56  5:58  Missile Turret  
  56  6:03  Supply Depot  
  56  6:05  SCV  
  56  6:08  Terran Infantry Weapons Level 1  
  56  6:09  SCV  
  58  6:15  Refinery  
  58  6:20  Refinery  
  58  6:21  SCV  
  58  6:25  Missile Turret  
  59  6:33  SCV  
  59  6:34  Cyclone  
  59  6:37  Marine x2  
  59  6:38  Marine x2  
  67  6:40  SCV  
  67  6:46  SCV  
  69  6:48  Missile Turret  
  69  6:55  SCV, Marine x2  
  69  6:56  Marine x2  
  69  6:58  SCV  
  75  7:04  Supply Depot  
  75  7:19  Missile Turret  
  75  7:26  Viking, Supply Depot  
  75  7:27  Viking  
  79  7:31  Cyclone  
  79  7:33  Marine x2  
  79  7:34  Marine x2  
  79  7:36  SCV  
  87  7:45  Missile Turret  
  87  7:48  SCV  
  87  7:50  Marine  
  87  7:51  Marine  
  90  7:52  Marine x2  
  92  7:58  Armory  
  92  8:10  Missile Turret  
  92  8:21  Marine x2  
  92  8:23  Marine x2  
  96  8:33  Missile Turret  
  96  8:35  Missile Turret  
  96  8:38  Marine  
  96  8:39  Marine  
  96  8:41  Marine x2  
  100  8:42  SCV  
  100  8:47  Terran Vehicle Weapons Level 1  
  101  8:58  Missile Turret  
  101  8:59  Missile Turret  
  101  9:01  Supply Depot  
  101  9:02  Viking, Cyclone  
  106  9:05  Viking  
  87  9:24  Supply Depot  
  86  9:40  Missile Turret  
  86  9:46  Marine  
  86  9:47  Marine x3  
  86  9:51  Terran Infantry Weapons Level 2  
  90  9:59  Supply Depot  
  90  10:01  Missile Turret  
  90  10:04  Marine x2  
  90  10:05  Marine x2  
  94  10:18  Missile Turret  
  94  10:21  Supply Depot  
  94  10:26  Missile Turret  
  94  10:39  Command Center  
  94  10:40  Missile Turret  
  94  10:41  Terran Vehicle And Ship Armor Level 1  
  94  10:49  Missile Turret  
  94  10:55  Supply Depot  
  94  11:00  Marine x4  
  98  11:15  Missile Turret  
  98  11:17  Marine, Supply Depot  
  98  11:18  Marine x3  
  102  11:31  Refinery  
  102  11:35  Marine x2  
  102  11:36  Marine x2  
  106  11:42  Refinery  
  106  11:53  Marine x3  
  106  11:54  Orbital Command, Marine  
  109  11:59  Siege Tank  
  113  12:07  Terran Infantry Armor Level 2  
  113  12:11  Marine x4  
  117  12:20  Supply Depot  
  117  12:25  Viking x2  
  121  12:31  Siege Tank  
  121  12:32  Marine x2  
  121  12:34  Marine x2  
  121  12:35  Terran Ship Weapons Level 1  
  128  12:43  Supply Depot  
  128  12:50  Marine x2  
  130  12:52  Marine x2  
  62  13:25  Marine x4  
  66  13:30  Siege Tank  
  69  13:38  Viking x2  
  73  13:43  Marine x4  
  77  14:00  Marine  
  77  14:01  Marine x3  
  81  14:07  Viking  
  81  14:08  Viking  
  85  14:18  Marine x2  
  85  14:19  Marine x2  
  85  14:23  Terran Infantry Weapons Level 3  
  89  14:29  Terran Vehicle Weapons Level 2  
  89  14:35  Missile Turret  
  89  14:36  Marine x3  
  89  14:37  Marine  
  93  14:51  Cyclone  
  96  14:53  Viking x2  
  96  14:54  Marine x4  
  96  14:56  Missile Turret  
  104  15:12  Marine x4  
  108  15:23  Viking x2, Cyclone  
  115  15:30  Marine x4  
  119  15:38  Command Center  
  111  15:47  Marine x2  
  111  15:48  Marine x2  
  101  15:55  Cyclone  
  95  16:05  Viking x2  
  99  16:18  Marine x2  
  99  16:19  Marine x2  
  103  16:33  Missile Turret  
  103  16:35  Viking x2  
  103  16:36  Marine x3  
  103  16:37  Marine  
  103  16:38  Siege Tank  
  114  16:45  Terran Vehicle And Ship Armor Level 2  
  114  16:54  Marine x4  
  114  16:55  Missile Turret  
  118  17:05  Viking x2  
  122  17:12  Marine x4  
  122  17:15  Missile Turret, Siege Tank  
  129  17:20  Orbital Command  
  129  17:35  Marine x2, Viking x2  
  129  17:36  Marine x2  
  137  17:53  Marine x3  
  137  17:54  Marine  
  137  17:57  Missile Turret  
  141  18:11  Marine x4  
  145  18:19  Missile Turret  
  145  18:29  Marine x4, Viking x2  
Show
View Real Time Build Order
Export as new Build Order

winzboy Terran - Winner!

Build Orders:  

Get SALT Encoding   

  12  0:01  SCV  
  13  0:16  Supply Depot  
  13  0:25  SCV  
  14  0:37  SCV  
  15  0:43  Barracks  
  15  0:47  Refinery  
  16  0:50  SCV  
  16  1:02  SCV  
  17  1:14  SCV  
  18  1:26  SCV  
  18  1:32  Supply Depot  
  19  1:44  Barracks Tech Lab  
  19  1:52  Orbital Command  
  19  1:55  Supply Depot  
  19  2:04  Barracks  
  19  2:06  Marine  
  19  2:07  Barracks  
  20  2:20  SCV  
  21  2:24  Marine  
  22  2:32  SCV  
  23  2:37  Command Center  
  23  2:50  Refinery  
  23  2:56  Barracks Reactor  
  23  3:00  Stimpack  
  23  3:10  SCV  
  24  3:22  SCV  
  24  3:24  Barracks Tech Lab  
  26  3:34  SCV, Factory  
  26  3:35  Marine x2  
  28  3:53  Marine x2  
  30  3:56  Marauder x2  
  30  3:59  SCV  
  35  4:04  Orbital Command  
  35  4:11  SCV, Marine  
  35  4:12  Marine  
  38  4:17  Marine  
  38  4:22  Factory Tech Lab  
  38  4:23  SCV  
  40  4:28  Marine  
  40  4:29  Marine  
  42  4:35  SCV x2  
  42  4:36  Starport  
  44  4:39  Combat Shield  
  44  4:47  SCV  
  44  4:48  SCV  
  46  4:56  Marine x3  
  46  4:59  SCV  
  50  5:00  SCV  
  50  5:04  Marine  
  52  5:15  Marauder  
  54  5:35  Supply Depot  
  54  5:39  Supply Depot  
  54  5:46  Supply Depot  
  54  5:55  Factory Tech Lab  
  54  5:56  Marine x2, Medivac, Marauder, SCV x2  
  62  6:00  Supply Depot  
  62  6:01  Marauder  
  62  6:03  Supply Depot  
  64  6:08  SCV x2  
  66  6:19  Marine  
  66  6:20  Marine x2, SCV x2  
  66  6:22  Marine  
  72  6:26  Medivac  
  74  6:33  SCV x2  
  74  6:34  Siege Tank  
  74  6:37  Marine x2  
  74  6:39  Supply Depot  
  81  6:44  Supply Depot  
  81  6:45  SCV, Refinery  
  81  6:46  Supply Depot  
  82  6:48  Refinery  
  82  6:54  Marine x2  
  84  7:01  Medivac  
  84  7:06  Siege Tank  
  89  7:12  Marauder x2  
  89  7:14  Marine x2  
  95  7:21  SCV  
  96  7:27  Supply Depot  
  96  7:30  Supply Depot  
  96  7:31  Medivac  
  96  7:32  Marine x2, Supply Depot  
  96  7:33  Marine  
  101  7:38  Siege Tank  
  101  7:39  Barracks  
  101  7:40  Barracks x2  
  104  7:45  Marine  
  104  7:50  Marine x2  
  104  7:51  Marine  
  108  7:57  Engineering Bay  
  108  8:03  Marine  
  109  8:07  Marine  
  110  8:14  Marine  
  110  8:15  Marine  
  112  8:21  Marine  
  113  8:27  Marine x2  
  113  8:28  Marine x2  
  113  8:32  Marine  
  118  8:36  Command Center  
  118  8:37  Marine  
  118  8:38  Marine  
  120  8:43  SCV x2  
  120  8:45  Marine x2  
  120  8:46  Marine  
  125  8:52  Supply Depot  
  125  8:53  Supply Depot  
  125  8:54  Supply Depot  
  125  8:56  Marine x2  
  127  9:04  Barracks Tech Lab  
  127  9:05  Barracks Tech Lab  
  78  9:24  Marine x3  
  78  9:25  Marine x2  
  58  9:34  Marine x2  
  60  9:42  Marine x3  
  60  9:43  Marine x2  
  60  9:44  Siege Tank  
  68  9:47  Medivac  
  68  9:52  Marine x2  
  72  10:00  Marine x3  
  72  10:01  Marauder x2  
  79  10:10  Marauder x2  
  83  10:16  Siege Tank  
  83  10:17  Medivac  
  83  10:18  Marine x3  
  91  10:22  Marine  
  91  10:25  Terran Infantry Weapons Level 1  
  92  10:31  Engineering Bay  
  92  10:37  Marine  
  92  10:38  Marine x4  
  92  10:40  Marine  
  98  10:47  Marine, Medivac  
  98  10:49  Siege Tank  
  104  10:55  Marine  
  105  11:01  Supply Depot  
  105  11:02  Factory  
  105  11:04  Marine  
  105  11:05  Marine x3  
  105  11:07  Armory  
  109  11:16  Starport  
  109  11:25  Marine x2, Supply Depot  
  111  11:44  Cyclone  
  114  11:52  Marine x5  
  119  12:06  Starport Tech Lab  
  119  12:13  Banshee  
  122  12:16  Siege Tank  
  125  12:24  Factory Tech Lab  
  125  12:26  Viking  
  127  12:31  Terran Infantry Weapons Level 2  
  127  12:34  Terran Infantry Armor Level 1  
  127  12:48  Siege Tank  
  130  12:56  Banshee, Viking  
  70  13:20  Thor  
  70  13:23  Marine x2  
  70  13:24  Marine x5  
  70  13:26  Viking  
  85  13:28  Barracks  
  85  13:29  Barracks  
  85  13:31  Barracks  
  85  13:33  Thor  
  91  13:39  Banshee  
  94  13:41  Marine x4  
  94  13:42  Marine x3  
  101  13:56  Medivac  
  101  13:59  Marine x5  
  101  14:00  Marine x2  
  101  14:02  Thor  
  116  14:16  Thor  
  122  14:21  Banshee  
  125  14:26  Medivac  
  125  14:29  Barracks Tech Lab x2  
  127  14:43  Marine x3  
  127  14:44  Marine x2  
  132  14:48  Marine x3  
  135  14:56  Medivac  
  135  14:58  Marine  
  138  15:01  Marine x3  
  138  15:03  Thor x2  
  138  15:04  Medivac  
  155  15:14  Terran Infantry Armor Level 2  
  155  15:15  Terran Infantry Weapons Level 3  
  155  15:25  Medivac  
  155  15:26  Marine  
  155  15:27  Marine x5  
  163  15:28  Reaper  
  163  15:29  Reaper  
  163  15:34  Medivac  
  139  15:46  Thor  
  139  15:47  Command Center  
  122  15:50  Marine  
  122  15:51  Marine x3  
  122  15:55  Medivac  
  109  16:00  Hellion  
  103  16:09  Refinery  
  103  16:14  Refinery  
  105  16:29  Hellion  
  105  16:32  Marine x4  
  109  16:40  Marine x4  
  109  16:41  Reaper  
  109  16:44  Supply Depot  
  114  16:50  Hellion  
  116  16:58  Marine x4, Factory Tech Lab, Marauder  
  116  16:59  Marauder  
  124  17:05  Viking x2  
  128  17:14  Starport  
  128  17:15  Marine  
  129  17:18  Barracks  
  129  17:19  SCV  
  130  17:30  Marine x2  
  130  17:31  Marine x2, SCV  
  130  17:35  Viking x2  
  139  17:37  Marine  
  139  17:38  Marine x2  
  142  18:05  Viking x2  
  142  18:11  Marine x3  
  149  18:13  Thor x2  
Tags
 
Matchup
TvT
Race
Terran
Replay Pack
Multiplayer
Spawn Locations
Cross Positions
Add a new tag
Caveats
  • Supply blocks, unpowered buildings, or Contaminate may cause inaccurate times.
  • Supply counts are checked every 10 seconds.